 Dungeon Crawl Stone Soup version 0.32-a0-699-g1ee5eff69a (webtiles) character file.

Game seed: 4461835246991535072

526 ytrimaz the Chopper (level 7, -2/52 HPs)
             Began as a Coglin Fighter on Mar 14, 2024.
             Slain by a sleepcap (15 damage)
             ... on level 5 of the Dungeon.
             The game lasted 00:03:03 (3636 turns).

ytrimaz the Chopper (Coglin Fighter)                Turns: 3636, Time: 00:03:03

Health: -2/52      AC:  7    Str: 18    XL:     7   Next: 23%
Magic:  7/7        EV:  2    Int: 11    God:
Gold:   249        SH:  0    Dex: 13    Spells: 6/6 levels left

rFire   . . .        a - +0 war axe {Liang}
rCold   . . .        f - +2 whip (venom) {Solveig}
rNeg    . . .        n - +1 chain mail
rPois   .            (no helmet)
rElec   .            q - +0 cloak
rCorr   .            (no gloves)
SInv    .            k - +2 pair of boots "Zuhorche" {Int+3}
Will    .....        (amulet unavailable) Stlth
                     (ring unavailable)
HPRegen 0.28/turn    (ring unavailable)
MPRegen 0.10/turn    (no gizmo)

%: no passive effects
@: sleeping, corroded, revved
A: off-hand wielding, slow wielding, warmup strikes, no jewellery
a: Invent Gizmo


You were on level 5 of the Dungeon.
You visited 1 branch of the dungeon, and saw 5 of its levels.

You collected 249 gold pieces.


Innate Abilities, Weirdness & Mutations

You can wield a second weapon in your off-hand.
It takes a long time for you to wield or remove held weapons.
Your first few attacks do less damage.
You cannot equip rings or amulets.


   Skills:
 - Level 3.0 Fighting
 + Level 5.5 Axes
 + Level 5.5 Armour
 - Level 2.1 Shields


You had 6 spell levels left.
You didn't know any spells.
Your spell library contained the following spells:

 Spells                   Type           Power      Damage    Failure   Level
 Ensorcelled Hibernation  Hex/Ice        0%         N/A       99%         2
 Passwall                 Erth           0%         N/A       100%        3
 Swiftness                Air            0%         N/A       100%        3

Inventory:

Hand Weapons
 a - a +0 war axe (weapon) {Liang}
 f - a +2 whip of venom (offhand) {Solveig}
   (You took it off an orc on level 4 of the Dungeon)
Armour
 c - a +0 buckler
 k - the +2 pair of boots "Zuhorche" (worn) {Int+3}
   (You found it on level 2 of the Dungeon)

   Int+3:     It affects your intelligence (+3).
 n - a +1 chain mail (worn)
   (You found it on level 2 of the Dungeon)
 q - a +0 cloak (worn)
   (You found it on level 3 of the Dungeon)
Wands
 b - a wand of quicksilver (7) (quivered)
   (You found it on level 3 of the Dungeon)
Scrolls
 e - a scroll of fog
 h - a scroll of fear
 r - 2 scrolls of blinking
 s - 3 scrolls of revelation
Potions
 d - 3 potions of might
 g - a potion of haste
 j - a potion of heal wounds
 m - a potion of attraction

Dungeon Overview and Level Annotations

Branches:
Dungeon (5/15) Zot: 26290
 Temple: D:4-7

Altars:
Ashenzari
Makhleb
Nemelex Xobeh
Qazlal

Shops:
D:4 [

Annotations:
D:3 2 transporters, SlimyGurgling's ghost, amateur GrGl
D:4 1 runed translucent door, holysushi's ghost, novice GrFi

.# #.# .####### #.#
.......# ###########.#
######.# .........##.#
.# #########.##.# ### .#
........#.##.####.#####.
.#
.##..##.#..............#
##
.##..##f#.###..##.#####.
....$..@'.##...####
....?...'.#.....##
.##..##.##.......#
.##..##.###....^##
.?......####...##
#########.###.## #.# #.#
#.# #.# #.# #.# #.# #.#
#.#


You could see a sleepcap.


Message History

You feel very sick.
The scorpion completely misses you. 😕 HP[-2]
You take 2 damage, and now have 41/47 hp.
You slash the scorpion with your +0 war axe!
You closely miss the scorpion with your +2 whip of venom.
You feel very sick.
You kill the scorpion!
You have reached level 7!
Your brain swirls with designs for a bismuth dynamo.
You just need some more time...
You feel sick. 😕 MP[+1]
You now have 52 max hp (+5).
Your mp is fully restored (7).
You feel sick.
You feel sick.
You feel sick.
You feel sick.
You feel sick.
You feel sick.
You are no longer poisoned.
Key pressed, stopping explore.
Unknown command. 😕 HP[+3]
You regained 3 hp, and now have 44/52 hp.
You open the large door.
A hound, a sleepcap and a jelly come into view.
The hound barks!
The jelly quivers. 😎 HP[+8]
Your hp is fully restored (52).
There are monsters nearby!
There are monsters nearby!
The hound bites you but does no damage.
There is a large open door here.
You closely miss the hound with your +0 war axe.
You barely miss the hound with your +2 whip of venom.
The hound barely misses you. The hound bites you.
You hit the hound with your +2 whip of venom.
The hound is poisoned.
You barely miss the hound with your +0 war axe.
The hound bites you but does no damage. 😕 HP[-1]
You take 1 damage, and now have 51/52 hp.
Unknown command.
You barely miss the hound with your +2 whip of venom.
You closely miss the hound with your +0 war axe.
The hound bites you.
The hound bites you but does no damage. 😕 HP[-1]
You take 1 damage, and now have 50/52 hp.
You completely miss the hound with your +2 whip of venom.
You closely miss the hound with your +0 war axe.
You hit the sleepcap but do no damage. The hound bites you.
The sleepcap closely misses you.
The hound bites you but does no damage. 😕 HP[-1]
You take 1 damage, and now have 49/52 hp.
Unknown command.
You slash the hound with your +0 war axe!
You kill the hound!
You hit the sleepcap with your +0 war axe.
You hit the jelly but do no damage.
Your graspers burn!
The jelly hits you but does no damage. The sleepcap closely misses you.
The jelly closely misses you.
The sleepcap closely misses you. 😕 HP[-5]
You take 5 damage, and now have 44/52 hp.
The jelly hits you.
You are splashed with acid!
The sleepcap barely misses you. 😮 HP[-11]
You take 11 damage, and now have 33/52 hp.
MASSIVE DAMAGE!! (PAUSE)
You slash the jelly with your +0 war axe!
The acid corrodes you!
Your graspers burn!
You hit the sleepcap but do no damage.
You hit the jelly with your +2 whip of venom.
Your graspers burn!
* * * LOW HITPOINT WARNING * * *
The sleepcap barely misses you. The jelly hits you but does no damage.
Unknown command. 😨 HP[-8]
You take 8 damage, and now have 25/52 hp.
You barely miss the jelly with your +2 whip of venom.
You hit the jelly with your +0 war axe.
Your graspers burn!
* * * LOW HITPOINT WARNING * * *
You slash the sleepcap with your +0 war axe!
The jelly hits you but does no damage.
The sleepcap releases spores at you but does no damage. 😨 HP[-2]
You take 2 damage, and now have 23/52 hp.
Unknown command.
You hit the jelly with your +0 war axe. The acid corrodes you!
Your graspers burn!
* * * LOW HITPOINT WARNING * * *
You hit the sleepcap with your +0 war axe.
You hit the jelly with your +2 whip of venom.
You kill the jelly!
The sleepcap releases spores at you.
* * * LOW HITPOINT WARNING * * *
You are engulfed in a cloud of soporific spores!
You fall asleep.
The sleepcap completely misses you. The sleepcap releases spores at you!
You die...

Skill      XL: |  1  2  3  4  5  6 |
---------------+-------------------+-----
Armour         | 3 4 5 |  5.5
Axes           | 3 4 5 |  5.5
Fighting       | |  3.0
Shields        | |  2.1

Action                     |  1- 3 |  4- 6 |  7- 9 || total
---------------------------+-------+-------+-------++-------
  Melee: War axe           |   137 |   112 |     8 ||   257
         Whip              |       |    24 |     7 ||    31
  Evoke: Wand              |       |     1 |       ||     1
    Use: Scroll            |     1 |     7 |       ||     8
         Potion            |       |     7 |       ||     7
 Armour: Scale mail        |   107 |       |       ||   107
         Chain mail        |    12 |    95 |    14 ||   121
         Skin              |       |    12 |       ||    12
  Dodge: Dodged            |    80 |    41 |     8 ||   129
  Block: Buckler           |    37 |    20 |       ||    57

Levels and vault maps discovered:
D:1:      minmay_arrival_five_plusses, layout_loops_ring
D:2:      layout_loops_ring
D:3:      layout_loops_cross, bloody_makhleb, cheibrodos_ashenzari_chains,
          gammafunk_ghost_stat_death
D:4:      layout_loops_corners, general_overflow_altar,
          nicolae_qazlal_scattered_showers, hellmonk_ghost_happy_afterlife,
          serial_shops, nicolae_stop_n_shop_1
D:5:      layout_loops_ring, cheibrodos_worm_habitat, kennysheep_generic_room_5

Notes
Turn   | Place    | Note
-------+----------+-------------------------------------------
     0 | D:1      | ytrimaz the Coglin Fighter began the quest for the Orb.
     0 | D:1      | Reached XP level 1. HP: 18/18 MP: 1/1
     0 | D:1      | magus.rc [v1.9.6]
   100 | D:1      | Reached XP level 2. HP: 24/24 MP: 2/2
   108 | D:1      | Reached skill level 3 in Armour
   382 | D:1      | Reached XP level 3. HP: 26/29 MP: 3/3
   790 | D:2      | Reached skill level 3 in Axes
   809 | D:2      | Identified the +2 pair of boots "Zuhorche" {Int+3}
  1120 | D:2      | You pick up a book of Burglary and begin reading...
  1120 | D:2      | You add the spells Ensorcelled Hibernation, Swiftness and
                  | Passwall to your library.
  1349 | D:2      | Reached XP level 4. HP: 35/35 MP: 4/4
  1471 | D:3      | Found a transporter.
  1476 | D:3      | Noticed SlimyGurgling's ghost (amateur GrGl)
  1542 | D:3      | Found a broken altar of Ashenzari.
  1740 | D:3      | Found a transporter.
  1782 | D:3      | Reached skill level 4 in Armour
  1990 | D:3      | Found a burning altar of Makhleb.
  2185 | D:4      | Found Fiarghao's Armour Boutique.
  2190 | D:4      | Reached XP level 5. HP: 41/41 MP: 5/5
  2200 | D:4      | Reached skill level 4 in Axes
  2413 | D:4      | HP: 12/61 [poisoned by an orc]
  2570 | D:4      | Noticed holysushi's ghost (novice GrFi)
  2573 | D:4      | Found a runed translucent door.
  2646 | D:4      | HP: 15/61 [poisoned by a kobold]
  2651 | D:4      | HP: 8/61 [poisoned by a kobold]
  2844 | D:4      | Found a sparkling altar of Nemelex Xobeh.
  3039 | D:4      | Found a stormy altar of Qazlal.
  3298 | D:4      | Reached XP level 6. HP: 47/47 MP: 6/6
  3390 | D:5      | Entered Level 5 of the Dungeon
  3532 | D:5      | Reached skill level 5 in Axes
  3532 | D:5      | Reached skill level 5 in Armour
  3541 | D:5      | Reached XP level 7. HP: 42/52 MP: 7/7
  3634 | D:5      | HP: 13/52 [sleepcap (6)]
  3636 | D:5      | Slain by a sleepcap

Vanquished Creatures
  A phantom (D:5)
  3 scorpions
  A bombardier beetle (D:3)
  2 hounds
  2 jellies
  5 adders
  5 orcs
  3 ball pythons
  9 endoplasms
  3 giant cockroaches
  8 hobgoblins
  9 jackals
  A quokka (D:1)
  4 bats
  7 frilled lizards
  5 goblins
  5 kobolds
  6 rats
79 creatures vanquished.

Table legend:
 A = Non-vault XP
 B = Vault XP
 C = Vault XP percentage of total XP
 D = Non-vault monster count
 E = Vault monster count
 F = Vault count percentage of total count
                 A         B        C        D         E       F
            +---------+---------+-------+---------+---------+-------
      Total |     710 |      42 |   5.6 |      78 |       1 |   1.3
            +---------+---------+-------+---------+---------+-------
        D:1 |      46 |       0 |   0.0 |      28 |       0 |   0.0
        D:2 |      40 |       0 |   0.0 |      18 |       0 |   0.0
        D:3 |      74 |       0 |   0.0 |       9 |       0 |   0.0
        D:4 |     222 |       0 |   0.0 |      18 |       0 |   0.0
        D:5 |     328 |      42 |  11.4 |       5 |       1 |  16.7
            +---------+---------+-------+---------+---------+-------

Skill      XL: |  1  2  3  4  5  6 |
---------------+-------------------+-----
Armour         | 3 4 5 |  5.5
Axes           | 3 4 5 |  5.5
Fighting       | |  3.0
Shields        | |  2.1

Action                     |  1- 3 |  4- 6 |  7- 9 || total
---------------------------+-------+-------+-------++-------
  Melee: War axe           |   137 |   112 |     8 ||   257
         Whip              |       |    24 |     7 ||    31
  Evoke: Wand              |       |     1 |       ||     1
    Use: Scroll            |     1 |     7 |       ||     8
         Potion            |       |     7 |       ||     7
 Armour: Scale mail        |   107 |       |       ||   107
         Chain mail        |    12 |    95 |    14 ||   121
         Skin              |       |    12 |       ||    12
  Dodge: Dodged            |    80 |    41 |     8 ||   129
  Block: Buckler           |    37 |    20 |       ||    57

Illustrated notes

Table legend:
 A = Kills in this place as a percentage of kills in the entire game.
 B = Kills by you in this place as a percentage of kills by you in the entire game.
 C = Kills by friends in this place as a percentage of kills by friends in the entire game.
 D = Other kills in this place as a percentage of other kills in the entire game.
 E = Experience gained in this place as a percentage of experience gained in the entire game.
 F = Experience gained in this place divided by the number of levels of this place that you have seen.
                   A       B       C       D       E      F
               +-------+-------+-------+-------+-------+----------------------
         Total | 100.0 | 100.0 |   N/A |   N/A | 100.0 | 150.4
       Dungeon | 100.0 | 100.0 |   N/A |   N/A | 100.0 | 150.4
               +-------+-------+-------+-------+-------+----------------------

Table legend: (Time is in decaauts)
 A = Elapsed time spent in this place.
 B = Non-inter-level travel time spent in this place.
 C = Inter-level travel time spent in this place.
 D = Time resting spent in this place.
 E = Time spent auto-exploring this place.
 F = Levels seen in this place.
 G = Mean time per level.
                   A        B        C        D        E       F      G
               +--------+--------+--------+--------+--------+-----+--------+
         Total |   3708 |   3580 |    128 |      2 |   2861 |   5 |  741.6 |
       Dungeon |   3708 |   3580 |    128 |      2 |   2861 |   5 |  741.6 |
               +--------+--------+--------+--------+--------+-----+--------+

Top non-repeatable levels by time:
     D:4: 1200 daAuts
     D:1: 766 daAuts
     D:2: 753 daAuts
     D:3: 739 daAuts
     D:5: 248 daAuts
